 Dungeon Crawl Stone Soup version 0.21-a0-517-gd76cfe0 (webtiles) character file.

11 slep the Skirmisher (level 2, 0/16 HPs)
             Began as a Vine Stalker Monk on Dec 3, 2017.
             Hit by a stone thrown by a kobold (1 damage)
             ... on level 1 of the Dungeon.
             The game lasted 00:00:59 (181 turns).

slep the Skirmisher (Vine Stalker Monk)              Turns: 181, Time: 00:01:00

Health: 0/16       AC:  2    Str: 13    XL:     2   Next: 29%
Magic:  0/3        EV: 13    Int: 10    God:
Gold:   49         SH:  0    Dex: 16    Spells: 1/1 levels left

rFire    . . .     SeeInvis .   a - +0 hand axe
rCold    . . .     Gourm    .   (no shield)
rNeg     . . .     Faith    .   b - +0 robe
rPois    .         Spirit   +   (no helmet)
rElec    .         Reflect  .   (no cloak)
rCorr    .         Harm     .   (no gloves)
MR       .....                  (no boots)
Stlth    ++........             (no amulet)
HPRegen  0.05/turn              (no ring)
MPRegen  0.08/turn              (no ring)

@: no status effects
A: fangs 2, magic shield, antimagic bite, no potion heal 3, rot immunity
a: no special abilities


You were on level 1 of the Dungeon.
You were not hungry.

You visited 1 branch of the dungeon, and saw 1 of its levels.

You collected 49 gold pieces.

Inventory:

Hand Weapons
 a - a +0 hand axe (weapon)
Armour
 b - a +0 robe (worn)
Scrolls
 d - a scroll of magic mapping {unknown}
 e - a scroll of identify {unknown}
 f - a scroll of remove curse {unknown}
Comestibles
 c - a bread ration


   Skills:
 + Level 3.0 Fighting
 + Level 2.8 Axes
 + Level 2.7 Dodging
 + Level 2.4 Stealth


You had one spell level left.
You didn't know any spells.

Dungeon Overview and Level Annotations

Branches:
Dungeon (1/15)

Altars:


Innate Abilities, Weirdness & Mutations

You have extremely sharp teeth.
When hurt, damage is shared between your health and your magic reserves.
Your bite disrupts and absorbs the magic of your enemies.
Potions cannot restore your health.
You are immune to rotting.


Message History

A hobgoblin comes into view. It is wielding a club.
A kobold comes into view. It is wielding a vampiric short sword.
The kobold shouts!
The kobold throws a stone.
The stone misses you.
Found a centaur barding.
The kobold throws a stone.
The stone barely misses you.
A kobold comes into view.
You barely miss the kobold.
The kobold hits you with a vampiric short sword.
You barely miss the kobold.
The hobgoblin shouts!
The kobold shouts!
Your bite misses the kobold.
The kobold hits you with a vampiric short sword.
* * * LOW HITPOINT WARNING * * *
You closely miss the kobold. Your bite misses the kobold.
The kobold completely misses you.
The kobold hits you with a vampiric short sword.
* * * LOW HITPOINT WARNING * * *
The kobold throws a stone.
The stone hits you.
You die...

#.#### #..... .
########..... .. ##
######......†#.##. ... #.
..#......)...#.##.
..[.#.##.#.##.........###
.......#.#.###.#......##.
...#...#.#...#......#.##.
....g.K.@..((............
.#....K..#.#.#......#.###
...#.#.#.#.#.#........###
# #...#.###.#.....###...
.....#.# #.#...#.# #...
..#.#.#.. #.###.#.###...
. ..#.### #.. ..#......†
...#. ### .#####... #...


You could see a hobgoblin and 2 kobolds.

Vanquished Creatures
  A goblin (D:1)
  6 jackals (D:1)
  A kobold (D:1)
  A frilled lizard (D:1)
9 creatures vanquished.

Notes
Turn   | Place    | Note
-------+----------+-------------------------------------------
     0 | D:1      | slep the Vine Stalker Monk began the quest for the Orb.
     0 | D:1      | Reached XP level 1. HP: 11/11 MP: 2/2
   106 | D:1      | Reached XP level 2. HP: 7/16 MP: 1/3
   164 | D:1      | Reached skill level 3 in Fighting
   181 | D:1      | Hit by a stone thrown by a kobold

Vault maps used:
D:1:      dpeg_arrival_leaves_temple_mockup

Skill      XL: |  1  2 |
---------------+-------+-----
Fighting       | 3 |  3.0
Axes           | |  2.8
Dodging        | |  2.7
Stealth        | |  2.4

Action                   || total
-------------------------++-------
Melee: Hand axe          ||    27
       Bite              ||     3
Armor: Robe              ||     3
Dodge: Dodged            ||    28

Table legend:
 A = Spawn XP
 B = Non-spawn XP
 C = Spawn XP percentage of total XP
 D = Spawn monster count
 E = Non-spawn monster count
 F = Spawn count percentage of total count
 G = Total turns spent on level
                    A         B        C        D         E        F      G
               +---------+---------+-------+---------+---------+-------+---------
         Total |       0 |      17 |   0.0 |       0 |       9 |   0.0 |   181
               +---------+---------+-------+---------+---------+-------+---------
           D:1 |       0 |      17 |   0.0 |       0 |       9 |   0.0 |   181
               +---------+---------+-------+---------+---------+-------+---------
